 Dungeon Crawl Stone Soup version 0.28-a0-941-g140ffa1 (webtiles) character file.

Game seed: 18051850036918559917

95 Remcycle the Poker (level 4, 0/23 (33) HPs)
             Began as a Merfolk Gladiator on Nov 29, 2021.
             Slain by an orc wizard (1 damage)
             ... on level 2 of the Dungeon.
             The game lasted 00:03:23 (1953 turns).

Remcycle the Poker (Merfolk Gladiator)              Turns: 1953, Time: 00:03:23

HP:   0/23 (33)     AC:  6    Str: 15    XL:     4   Next: 66%
MP:   4/4           EV: 12    Int:  7    God:
Gold: 125           SH:  0    Dex: 15    Spells: 3/3 levels left

rFire   . . .      SeeInvis .   a - +0 trident
rCold   . . .      Faith    .   (no shield)
rNeg    . . .      Spirit   .   i - +0 ring mail
rPois   .          Reflect  .   c - +0 helmet
rElec   .          Harm     .   (no cloak)
rCorr   .          Rampage  .   (no gloves)
Will    .....                   (no boots)
Stlth   ..........              (no amulet)
HPRegen 0.07/turn               (no ring)
MPRegen 0.09/turn               (no ring)

@: confused, very heavily drained
A: (nimble swimmer 2), mertail
a: no special abilities


You were on level 2 of the Dungeon.
You visited 1 branch of the dungeon, and saw 3 of its levels.

You collected 125 gold pieces.

Inventory:

Hand Weapons
 a - a +0 trident (weapon)
Missiles
 d - 3 throwing nets (quivered)
Armour
 c - a +0 helmet (worn)
 i - a +0 ring mail (worn)
Scrolls
 b - 2 scrolls of noise {unknown}
 e - a scroll of magic mapping {unknown}
 g - 2 scrolls of blinking {unknown}
 j - a scroll of amnesia {unknown}
 l - a scroll of identify {unknown}
Potions
 f - a potion of curing
 h - a potion of haste {unknown}
 k - a potion of flight {unknown}


   Skills:
 - Level 2.1 Fighting
 + Level 7.6 Polearms
 - Level 2.0 Throwing
 - Level 4.0 Dodging


You had 3 spell levels left.
You didn't know any spells.
Your spell library was empty.

Dungeon Overview and Level Annotations

Branches:
Dungeon (3/15)

Altars:


Innate Abilities, Weirdness & Mutations

((You are quick and stealthy near water. (Stealth+, EV+, Speed+++)))
Your lower body shifts to a powerful aquatic tail in water.


Message History

The orc wizard is almost dead.
The orc wizard hits you but does no damage.
You feel drained.
You barely miss the orc wizard.
The orc wizard is almost dead.
Something hits you but does no damage.
An orc comes into view. It is wielding a +0 flail.
The orc wizard hits you but does no damage.
You feel drained.
You barely miss the orc wizard.
The orc wizard is almost dead.
Something hits you.
* * * LOW HITPOINT WARNING * * *
The orc wizard casts a spell at you. The magic dart hits you.
* * * LOW HITPOINT WARNING * * *
Something barely misses you. The orc wizard barely misses you.
Something hits you but does no damage.
You see here a +0 trident.
The orc throws a boomerang.
The boomerang hits you.
* * * LOW HITPOINT WARNING * * *
There is a stone staircase leading up here.
Something hits you but does no damage.
The orc throws a boomerang.
The boomerang hits you but does no damage.
The orc wizard completely misses you.
You climb upwards.
Reactivating autopickup.
There is a stone staircase leading down here.
You barely miss the orc wizard.
The orc wizard is almost dead.
You hear some strange, mumbled words.
Deactivating autopickup; reactivate with Ctrl-A.
You are confused.
The orc wizard closely misses you.
You completely miss something. Something barely misses you.
The orc wizard gestures at you while chanting.
You are more confused.
You're too confused to move!
Something hits you but does no damage.
The orc wizard hits you with a +1 dagger of draining.
You die...

#.# #..................
#.######....##..#.#######
####.........#.#)...#....[#
#.........####.#...#.####.#
#.##..###.# #.#...#.####.#
#.##..###)####.#.......##.#
#.##.........#.#.#.#.#.##.#
######.##.........#.#.#.#.#.##.#
................@.#.#.#.#.#.##.#
######.#.##....o....#.#.#.#.##.#
#.#.##.......###.#.#.#.##.#
##.#.##...>..........^.....#
##....##.............###.####
####.###.#########..........#
.....# #...........##########
####.###.########### ##...##


You could see an orc wizard.

Vanquished Creatures
  An orc wizard (D:3)
  2 adders (D:2)
  A dart slug (D:1)
  2 orcs
  5 endoplasms
  A giant cockroach (D:2)
  A goblin (D:1)
  5 hobgoblins
  4 jackals (D:1)
  5 quokkas
  7 ball pythons
  4 bats
  3 frilled lizards
  2 kobolds (D:2)
  A rat (D:2)
44 creatures vanquished.

Notes
Turn   | Place    | Note
-------+----------+-------------------------------------------
     0 | D:1      | Remcycle the Merfolk Gladiator began the quest for the Orb.
     0 | D:1      | Reached XP level 1. HP: 16/16 MP: 1/1
   141 | D:1      | Reached skill level 5 in Polearms
   155 | D:1      | Reached XP level 2. HP: 22/22 MP: 2/2
   766 | D:1      | Found a faded altar of an unknown god.
   966 | D:2      | Reached skill level 6 in Polearms
   966 | D:2      | Reached XP level 3. HP: 19/27 MP: 3/3
  1493 | D:2      | Reached skill level 7 in Polearms
  1493 | D:2      | Reached XP level 4. HP: 33/33 MP: 4/4
  1948 | D:3      | HP: 1/23 [orc/boomerang (2)]
  1953 | D:2      | Slain by an orc wizard

Illustrated notes

Levels and vault maps discovered:
D:1:      dpeg_arrival_connections, layout_loops_ring,
          dreamdust_ecumenical_altar_angels_and_demons
D:2:      layout_loops_ring, minmay_tetromino_l2
D:3:      kennysheep_the_goblin_king, layout_rooms, marbit_many_paths

Skill      XL: |  1  2  3 |
---------------+----------+-----
Polearms       | 5 6 7 |  7.6
Fighting       | |  2.1
Throwing       | |  2.0
Dodging        | |  4.0

Action                   |  1- 3 |  4- 6 || total
-------------------------+-------+-------++-------
Melee: Trident           |   135 |    51 ||   186
  Use: Potion            |       |     2 ||     2
 Stab: Sleeping          |     3 |       ||     3
       Distracted        |     1 |       ||     1
Armor: Ring mail         |    33 |    30 ||    63
       Leather armour    |     5 |       ||     5
Dodge: Dodged            |    63 |    27 ||    90

Table legend: (Time is in decaauts)
 A = Elapsed time spent in this place.
 B = Non-inter-level travel time spent in this place.
 C = Inter-level travel time spent in this place.
 D = Time resting spent in this place.
 E = Time spent auto-exploring this place.
 F = Levels seen in this place.
 G = Mean time per level.
                   A        B        C        D        E       F      G
               +--------+--------+--------+--------+--------+-----+--------+
         Total |   1952 |   1934 |     18 |    164 |   1443 |   3 |  650.7 |
       Dungeon |   1952 |   1934 |     18 |    164 |   1443 |   3 |  650.7 |
               +--------+--------+--------+--------+--------+-----+--------+

Top non-repeatable levels by time:
     D:2: 1030 daAuts
     D:1: 856 daAuts
     D:3: 65 daAuts
